 Dungeon Crawl Stone Soup version 0.17-a0-1195-g0639cb0 (webtiles) character file.

1136 Chiseanne the Ducker (level 8, 0/83 HPs)
             Began as an Ogre Hunter on June 2, 2015.
             Splashed by a jelly's acid (6 damage)
             ... on level 5 of the Dungeon.
             The game lasted 00:13:16 (5345 turns).

Chiseanne the Ducker (Ogre Hunter)                  Turns: 5345, Time: 00:13:16

Health: 0/83       AC: -27   Str: 18      XL:     8   Next: 36%
Magic:  8/8        EV:  9    Int: 10      God:
Gold:   261        SH:  0    Dex:  2 (12) Spells: 0 memorised, 7 levels left

rFire  . . .     SeeInvis .     a - +3 hand axe (flame)
rCold  . . .     Clarity  .     i - +0 robe
rNeg   + . .     SustAt   .     (no shield)
rPois  .         Gourm    .     (helmet restricted)
rElec  .         Spirit   .     (no cloak)
rCorr  .         Warding  .     (gloves unavailable)
rMut   .         Stasis   .     (boots unavailable)
MR     .....                    o - amulet of faith (curse)
Stlth  +.........               (no ring)
                                j - ring of positive energy

@: about to teleport, corroded equipment, not resistant to hostile enchantments,
very unstealthy
A: unfitting armour, talons 1, tough skin 1
a: no special abilities


You were on level 5 of the Dungeon.
You were not hungry.

You visited 1 branch of the dungeon, and saw 5 of its levels.

You collected 261 gold pieces.

Inventory:

Hand weapons
 a - a +3 hand axe of flaming (weapon)
 v - a +0 war axe
Missiles
 b - 8 large rocks (quivered)
 c - 2 throwing nets
 l - 50 arrows
 m - 9 silver bolts
 s - 94 sling bullets
 t - 19 bolts
 w - 21 poisoned needles
 z - 8 tomahawks of returning
Armour
 i - a +0 robe (worn)
Jewellery
 j - a ring of positive energy (left hand)
 o - a cursed amulet of faith (around neck)
Magical devices
 q - a wand of lightning (12)
Scrolls
 g - 3 scrolls of remove curse
 k - a scroll of fear
Potions
 n - a potion of resistance
 p - a potion of heal wounds
 u - a potion of poison {unknown}
 x - a potion of ambrosia {unknown}
Comestibles
 d - 2 chunks of flesh
 e - 2 bread rations
 r - 2 meat rations


   Skills:
 * Level 6.1 Fighting
 * Level 6.5 Throwing
 * Level 7.0 Dodging
 - Level 0.7 Stealth


You had 7 spell levels left.
You didn't know any spells.

Dungeon Overview and Level Annotations

Branches:
Dungeon (5/15)
 Temple: D:4-7

Altars:
Elyvilon
Makhleb
Ru
Vehumet


Innate Abilities, Weirdness & Mutations

You are too large for most types of armour.
You have tough skin (AC +1).
You have sharp toenails.


Message History

You claw the jelly, but do no damage.
The jelly is heavily wounded.
The jelly barely misses you.
You hit the jelly. You burn the jelly.
Your hands burn!
* * * LOW HITPOINT WARNING * * *
The jelly is severely wounded.
The jelly hits you.
* * * LOW HITPOINT WARNING * * *
You are splashed with acid!
The acid corrodes you!
The acid burns!
* * * LOW HITPOINT WARNING * * *
The jelly hits you.
* * * LOW HITPOINT WARNING * * *
You are splashed with acid!
The acid corrodes you!
The acid burns!
* * * LOW HITPOINT WARNING * * *
Read which item? (? for menu, Esc to quit)
As you read the scroll of teleportation, it crumbles to dust.
You feel strangely unstable. The jelly hits you.
* * * LOW HITPOINT WARNING * * *
You are splashed with acid!
The acid corrodes you!
The acid burns!
You die...

###### #....# #....#
#....# ####### ###....###
#.....######....@J..#
..............##'##.......
......#######.#...#.##.###
......# #.#.⌠.#.. ..
......# ..#...#.## #
......# ..##.##.# .#######
#...... .# >.......
..#.#.# ## ...##### #.#


You could see a jelly.

Vanquished Creatures
  Pikel (D:4)
  A slave (D:4)
  A phantom (D:4)
  A giant frog (D:3)
  2 hounds
  A quasit (D:5)
  3 orc priests
  2 orc wizards
  Jessica (D:3)
  2 worker ants
  7 adders
  A shadow imp (D:2)
  An ooze (D:3)
  2 adder skeletons
  5 worms
  5 giant geckos
  15 orcs
  A ball python (D:2)
  7 bats
  4 giant cockroaches
  12 goblins
  9 hobgoblins
  15 jackals
  9 kobolds
  4 quokkas
  4 giant newts
  9 rats
125 creatures vanquished.

Vanquished Creatures (others)
  An iguana (D:4)
  An adder skeleton (D:4)
  2 goblins (D:4)
4 creatures vanquished.

Grand Total: 129 creatures vanquished

Notes
Turn   | Place    | Note
--------------------------------------------------------------
     0 | D:1      | Chiseanne the Ogre Hunter began the quest for the Orb.
     0 | D:1      | Reached XP level 1. HP: 22/22 MP: 1/1
   238 | D:1      | Reached XP level 2. HP: 29/29 MP: 2/2
  1126 | D:2      | Reached XP level 3. HP: 36/36 MP: 3/3
  1357 | D:2      | Reached skill level 5 in Throwing
  1544 | D:2      | Reached XP level 4. HP: 40/45 MP: 4/4
  1666 | D:2      | Found a radiant altar of Vehumet.
  1724 | D:2      | Gained mutation: You have sharp toenails. [potion of beneficial mutation]
  1849 | D:2      | Found a burning altar of Makhleb.
  2268 | D:2      | Reached XP level 5. HP: 37/53 MP: 5/5
  2851 | D:3      | Reached XP level 6. HP: 50/62 MP: 6/6
  2994 | D:3      | Found a sacrificial altar of Ru.
  3300 | D:3      | Noticed Jessica
  3306 | D:3      | Killed Jessica
  3306 | D:3      | Reached skill level 5 in Dodging
  3475 | D:3      | Found a white marble altar of Elyvilon.
  3823 | D:4      | Reached XP level 7. HP: 53/70 MP: 7/7
  3961 | D:4      | Noticed Pikel
  3985 | D:4      | HP: 3/70 [Pikel/whip of flaming (3)]
  3985 | D:4      | HP: 1/70 [Pikel/whip of flaming (2)]
  3987 | D:4      | Killed Pikel
  3987 | D:4      | Reached skill level 5 in Fighting
  3987 | D:4      | Reached skill level 6 in Throwing
  3987 | D:4      | Reached XP level 8. HP: 8/83 MP: 8/8
  4679 | D:5      | Entered Level 5 of the Dungeon
  5014 | D:5      | Reached skill level 7 in Dodging
  5345 | D:5      | Splashed by a jelly's acid

Vault maps used:
D:1:      minmay_arrival_three_doors
D:2:      makhleb_heckhound_becter, lemuel_round_altar, nrook_mini_vaults
D:3:      lemuel_coloured_pillars_altar, nicolae_ru_awakened_eye, uniq_jessica
D:4:      first_bread, uniq_pikel
D:5:      minmay_misc_feat_room, uniq_eustachio, uniq_crazy_yiuf_cottage,
          uniq_prince_ribbit1

Action                   |  1- 3 |  4- 6 |  7- 9 || total
-------------------------+-------+-------+-------++-------
Melee: Short sword       |    78 |       |       ||    78
       Dagger            |    35 |   149 |       ||   184
       Hand axe          |       |    45 |    68 ||   113
Throw: Large rock        |     9 |    29 |    32 ||    70
       Throwing net      |       |     1 |     1 ||     2
  Use: Scroll            |       |     7 |     3 ||    10
       Potion            |       |     1 |     1 ||     2
 Stab: Sleeping          |     2 |       |       ||     2
       Held in net/web   |       |       |     1 ||     1
  Eat: Chunk             |     2 |     6 |     5 ||    13
       Pizza             |       |     1 |       ||     1
